 Dungeon Crawl Stone Soup version 0.31-a0-188-g5e087ee2ca (webtiles) character file.

Game seed: 2064921884212219108

64 qw the Shooter (level 3, -4/20 HPs)
             Began as a Deep Elf Hunter on June 23, 2023.
             Slain by an iguana (12 damage)
             ... on level 3 of the Dungeon.
             The game lasted 00:00:37 (2035 turns).

qw the Shooter (Deep Elf Hunter)                    Turns: 2035, Time: 00:00:38

Health: -4/20      AC:  6    Str: 10    XL:     3   Next: 91%
Magic:  5/5        EV: 11    Int: 13    God:
Gold:   149        SH:  0    Dex: 18    Spells: 2/2 levels left

rFire   + . .        Y - +0 longbow
rCold   . . .        (shield currently unavailable)
rNeg    . . .        f - +1 ring mail
rPois   .            (no helmet)
rElec   .            (no cloak)
rCorr   .            (no gloves)
SInv    .            (no boots)
Will    .....        (no amulet)
Stlth   +            e - ring of protection from fire
HPRegen 0.23/turn    (no ring)
MPRegen 0.09/turn

%: no passive effects
@: no status effects
A: no striking features
a: no special abilities


You were on level 3 of the Dungeon.
You visited 1 branch of the dungeon, and saw 3 of its levels.

You collected 149 gold pieces.


   Skills:
 - Level 1.5 Fighting
 + Level 7.3 Ranged Weapons
 - Level 2.4 Dodging
 - Level 1.2 Stealth


You had 2 spell levels left.
You didn't know any spells.
Your spell library was empty.

Inventory:

Hand Weapons
 Y - a +0 longbow (weapon)
Armour
 f - a +1 ring mail (worn)
Jewellery
 e - a ring of protection from fire (left hand)
Scrolls
 a - 2 scrolls of identify
Potions
 c - a potion of resistance
 d - a potion of curing
 i - a potion of enlightenment

Dungeon Overview and Level Annotations

Branches:
Dungeon (3/15)

Altars:

Annotations:
D:3 1 runed translucent door, Crazy Yiuf


Message History

2 goblins and a hobgoblin come into view.
Enter note: You shoot an arrow.
The arrow hits the goblin but does no damage.
The goblin shouts!
The goblin shouts!
The hobgoblin shouts!
You hear a shout!
You hear an angry hiss.
A goblin comes into view. It is wielding a +0 club.
A hobgoblin comes into view.
The goblin moves out of view.
You shoot an arrow. The arrow hits the goblin!
You kill the goblin!
An iguana comes into view.
You shoot an arrow. The arrow hits the goblin.
You kill the goblin!
A goblin comes into view. It is wielding a +0 club.
The goblin moves out of view.
You shoot an arrow. The arrow barely misses the hobgoblin.
The arrow completely misses the iguana.
The hobgoblin closely misses you.
You shoot an arrow. The arrow hits the hobgoblin.
The hobgoblin is lightly wounded.
The hobgoblin barely misses you. The hobgoblin hits you.
You shoot an arrow. The arrow hits the hobgoblin!
You kill the hobgoblin!
You shoot an arrow. The arrow hits the hobgoblin!
You kill the hobgoblin!
The goblin hits you with a +0 club.
A goblin comes into view. It is wielding a +0 club.
You shoot an arrow. The arrow closely misses the goblin.
The arrow barely misses the iguana.
The goblin hits you with a +0 club.
You shoot an arrow. The arrow hits the goblin.
You kill the goblin!
The iguana bites you.
You shoot an arrow. The arrow hits the iguana!
The iguana is heavily wounded.
The iguana bites you!
Ouch! That really hurt!
You die...

...#
#.(.........#....
.....###. ##.#
###..............
####...... #.#
#.###.......#
#.####. ##.#
###....#....#.# #.
#.
...###.........###
#. #.
.#.....#######.#
...####) .####..#
#.# # . ........
.......#
#.###.#....
...##### #.###..#
#..@l...).. ## #.#
#..# #.###g#####
#####. #.# #..#
#.# .. .....% ..#
#..# #.# ...
#####. ..# #...
..# ... ## .##
#.## ### .. # .# .
# P7 # 77 ##


You could see an iguana and a goblin.

Vanquished Creatures
  An adder (D:2)
  An orc (D:3)
  3 endoplasms
  3 giant cockroaches (D:1)
  6 goblins
  5 hobgoblins
  3 jackals (D:1)
  4 quokkas
  2 ball pythons
  5 bats
  2 frilled lizards
  6 kobolds
  6 rats
47 creatures vanquished.

Notes
Turn   | Place    | Note
-------+----------+-------------------------------------------
     0 | D:1      | qw the Deep Elf Hunter began the quest for the Orb.
     0 | D:1      | Reached XP level 1. HP: 12/12 MP: 3/3
     0 | D:1      | 0 ||| qw: Version: 0.3-a-9-g12657ce
     0 | D:1      | 0 ||| qw: Game counter: 3395
     0 | D:1      | 0 ||| qw: Always use a shield: true
     0 | D:1      | 0 ||| qw: God list: Okawaru
     0 | D:1      | 0 ||| qw: Allow faded altars: false
     0 | D:1      | 0 ||| qw: Do Orc after D:15 true
     0 | D:1      | 0 ||| qw: Do second Lair branch before Depths: true
     0 | D:1      | 0 ||| qw: Lair rune preference: random
     0 | D:1      | 0 ||| qw: Plans: Normal
     0 | D:1      | 0 ||| PLANNING D:1-11
    96 | D:1      | Reached skill level 6 in Ranged Weapons
    96 | D:1      | Reached XP level 2. HP: 16/16 MP: 4/4
   998 | D:1      | 998 ||| UPGRADING to +0 ring mail.
  1008 | D:1      | 1008 ||| DROPPING +0 leather armour.
  1009 | D:1      | 1009 ||| DROPPING +0 robe of cold resistance.
  1010 | D:1      | 1010 ||| READING 3 scrolls labelled DOMYTYROSE.
  1011 | D:1      | 1011 ||| READING scroll labelled JESANUSARPHY.
  1015 | D:1      | 1015 ||| READING scroll labelled DOFOSH ONEGEBA.
  1016 | D:1      | 1016 ||| READING scroll labelled EDANIPH PEOTIJEFO.
  1017 | D:1      | 1017 ||| READING scroll labelled KOCHUA OXO JUPP.
  1049 | D:1      | 1049 ||| DRINKING 2 fizzy yellow potions.
  1050 | D:1      | 1050 ||| READING 2 scrolls of identify.
  1050 | D:1      | 1050 ||| IDENTIFYING emerald potion
  1051 | D:1      | 1051 ||| DROPPING scroll of butterflies.
  1110 | D:2      | Reached XP level 3. HP: 20/20 MP: 5/5
  1294 | D:2      | Reached skill level 7 in Ranged Weapons
  1347 | D:2      | 1347 ||| READING scroll of enchant armour.
  1347 | D:2      | 1347 ||| ENCHANTING +0 ring mail.
  1354 | D:2      | 1354 ||| SWAPPING to +0 longbow.
  1356 | D:2      | 1356 ||| DROPPING +0 shortbow.
  1774 | D:2      | 1774 ||| UPGRADING to ring of protection from fire.
  1775 | D:2      | 1775 ||| DROPPING +6 ring of intelligence.
  1776 | D:2      | 1776 ||| READING scroll labelled DIMEIMP BIOLEDGH.
  1777 | D:2      | 1777 ||| READING 4 scrolls of identify.
  1777 | D:2      | 1777 ||| IDENTIFYING green potion
  1778 | D:2      | 1778 ||| READING 3 scrolls of identify.
  1778 | D:2      | 1778 ||| IDENTIFYING black potion
  1779 | D:2      | 1779 ||| DROPPING potion of ambrosia.
  1971 | D:3      | Found a runed translucent door.
  1972 | D:3      | Noticed Crazy Yiuf
  2035 | D:3      | Slain by an iguana

Levels and vault maps discovered:
D:1:      wander_arrival_lonely_grave, layout_basic
D:2:      layout_basic
D:3:      layout_loops_ring, minmay_goblin_outpost, uniq_crazy_yiuf_cottage,
          uniq_ijyb

Skill      XL: |  1  2  3 |
---------------+----------+-----
Ranged Weapons | 6 7 |  7.3
Fighting       | |  1.5
Dodging        | |  2.4
Stealth        | |  1.2

Action                     || total
---------------------------++-------
   Fire: Shortbow          ||    89
         Longbow           ||    34
    Use: Scroll            ||    10
         Potion            ||     1
 Armour: Leather armour    ||     3
         Ring mail         ||     8
  Dodge: Dodged            ||    27

Table legend:
 A = Non-vault XP
 B = Vault XP
 C = Vault XP percentage of total XP
 D = Non-vault monster count
 E = Vault monster count
 F = Vault count percentage of total count
                 A         B        C        D         E       F
            +---------+---------+-------+---------+---------+-------
      Total |      82 |      10 |  10.9 |      42 |       5 |  10.6
            +---------+---------+-------+---------+---------+-------
        D:1 |      39 |       0 |   0.0 |      23 |       0 |   0.0
        D:2 |      33 |       0 |   0.0 |      13 |       0 |   0.0
        D:3 |      10 |      10 |  50.0 |       6 |       5 |  45.5
            +---------+---------+-------+---------+---------+-------
